 Dungeon Crawl Stone Soup version 0.21.1-1-g345015f (webtiles) character file.

94 Supreme the Digger (level 4, 0/24 HPs)
             Began as a Gargoyle Earth Elementalist on Apr 16, 2018.
             Slain by an ogre
             ... wielding a +0 giant club
              (23 damage)
             ... on level 3 of the Dungeon.
             The game lasted 00:16:20 (1231 turns).

Supreme the Digger (Gargoyle Earth Elementalist)    Turns: 1231, Time: 00:16:21

Health: 0/24       AC:  5    Str: 11    XL:     4   Next: 63%
Magic:  0/7        EV: 12    Int: 17    God:
Gold:   110        SH:  0    Dex: 10    Spells: 2/8 levels left

rFire    . . .     SeeInvis .   h - +0 dagger (curse)
rCold    . . .     Gourm    .   (no shield)
rNeg     + . .     Faith    .   c - +0 robe
rPois    ∞         Spirit   .   (no helmet)
rElec    +         Reflect  .   (no cloak)
rCorr    .         Harm     .   (no gloves)
MR       .....                  (no boots)
Stlth    ++........             g - amulet of rage
HPRegen  0.08/turn              z - ring of flight
MPRegen  0.10/turn              (no ring)

@: no status effects
A: negative energy resistance 1, electricity resistance, unbreathing,
petrification resistance, rot immunity, AC +3
a: Evoke Berserk Rage, Evoke Flight


You were on level 3 of the Dungeon.
You were not hungry.

You visited 1 branch of the dungeon, and saw 3 of its levels.

You collected 110 gold pieces.

Inventory:

Hand Weapons
 h - a cursed +0 dagger (weapon)
 i - a +0 short sword
 o - a +0 mace
 t - a +1 dagger of venom
 v - a +0 hunting sling
 x - a +0 falchion
Missiles
 b - 71 stones (quivered)
 r - 39 arrows
Armour
 c - a +0 robe (worn)
 w - a +0 shield
Jewellery
 g - an amulet of rage (around neck)
 z - a ring of flight (left hand)
Scrolls
 j - a scroll of amnesia {unknown}
 m - 2 scrolls of identify {unknown}
 n - 2 scrolls of magic mapping {unknown}
 q - a scroll of fog {unknown}
 u - 2 scrolls of teleportation {unknown}
 y - a scroll of enchant weapon {unknown}
Potions
 a - 3 potions of heal wounds {unknown}
 k - 2 potions of flight {unknown}
 l - a potion of mutation {unknown}
 p - a potion of brilliance {unknown}
 s - 2 potions of curing {unknown}
Books
 e - a book of Geomancy

   Spells                             Type                      Level
   a - Sandblast                      Earth                        1
   b - Passwall                       Transmutation/Earth          2
   c - Stone Arrow                    Conjuration/Earth            3
   d - Petrify                        Transmutation/Earth          4
   e - Lee's Rapid Deconstruction     Earth                        5
Comestibles
 d - 6 rations
 f - 3 chunks of flesh


   Skills:
 + Level 0.5 Fighting
 + Level 2.0 Dodging
 + Level 2.7 Stealth
 + Level 2.6 Spellcasting
 + Level 0.8 Transmutations
 * Level 5.1 Earth Magic


You had 2 spell levels left.
You knew the following spells:

 Your Spells              Type           Power        Failure   Level  Hunger
a - Sandblast             Erth           ###...       2%          1    #......
b - Passwall              Tmut/Erth      ##........   8%          2    ##.....
c - Stone Arrow           Conj/Erth      ##....       19%         3    ###....


Dungeon Overview and Level Annotations

Branches:
Dungeon (3/15)

Altars:

Annotations:
D:1 1 exclusion
D:3 Verendum's ghost, amateur GrAK


Innate Abilities, Weirdness & Mutations

You are resistant to torment.
Your stone body is resilient. (AC +3)
You are immune to poison.
You resist negative energy. (rN+)
You are resistant to electric shocks. (rElec)
You can survive without breathing.
You are immune to petrification.
You are immune to rotting.


Message History

Your Dodging skill increases to level 2!
Casting: Stone Arrow
Confirm with . or Enter, or press ? or * to list all spells.
Aiming: Sandblast
Press: ? - help, Shift-Dir - straight line, f/p - ogre
Aim: an ogre, wielding a giant club (moderately wounded)
The blast of sand hits the ogre.
The ogre is moderately wounded.
b - 72 stones
Casting: Sandblast
Confirm with . or Enter, or press ? or * to list all spells.
Aiming: Sandblast
Press: ? - help, Shift-Dir - straight line, f/p - ogre
Aim: an ogre, wielding a giant club (moderately wounded)
The blast of sand hits the ogre.
The ogre is heavily wounded.
b - 71 stones The ogre hits you with a giant club!!
Ouch! That really hurt!
You die...

### #....### #.#
#......# #.#
#..#.#.##
#.###..#....#
#.#.........#
####.#....#.#..#
#..........<...#
#......#..#.#..#
###.........#.#.@#
>....>..###.#...O#
.#)....#....###.##
.#.....#.#### #.#
.#.....#.# #.#
.#.....#.# #.#
+#....... #.#
..###.#..######.#####
..# ...............#


You could see an ogre.

Vanquished Creatures
  A worker ant (D:3)
  An adder (D:2)
  An ooze (D:1)
  A worm (D:2)
  A dart slug (D:3)
  A leopard gecko (D:1)
  An orc (D:3)
  2 bats
  2 giant cockroaches
  8 goblins
  7 hobgoblins
  2 jackals (D:1)
  7 kobolds
  A ball python (D:3)
  5 frilled lizards
  9 rats
50 creatures vanquished.

Notes
Turn   | Place    | Note
-------+----------+-------------------------------------------
     0 | D:1      | Supreme the Gargoyle Earth Elementalist began the quest for the Orb.
     0 | D:1      | Reached XP level 1. HP: 10/10 MP: 3/3
   118 | D:1      | Reached skill level 4 in Earth Magic
   118 | D:1      | Reached XP level 2. HP: 8/15 MP: 1/5
   139 | D:1      | Learned a level 2 spell: Passwall
   395 | D:1      | Reached XP level 3. HP: 19/19 MP: 2/6
   582 | D:2      | Found a faded altar of an unknown god.
   922 | D:2      | Reached XP level 4. HP: 23/24 MP: 7/7
   974 | D:2      | Reached skill level 5 in Earth Magic
  1021 | D:3      | Noticed Verendum's ghost (amateur GrAK)
  1101 | D:3      | Learned a level 3 spell: Stone Arrow
  1214 | D:3      | Noticed an ogre
  1231 | D:3      | Slain by an ogre

Skill      XL: |  1  2  3  4 |
---------------+-------------+-----
Earth Magic    | 4 5 |  5.1
Dodging        | 2 |  2.0
Fighting       | |  0.5
Stealth        | |  2.7
Spellcasting   | |  2.6
Transmutations | |  0.8

Action                   |  1- 3 |  4- 6 || total
-------------------------+-------+-------++-------
Melee: Dagger            |   115 |    39 ||   154
 Cast: Sandblast         |    18 |     7 ||    25
       Stone Arrow       |       |     2 ||     2
       Passwall          |       |     1 ||     1
 Stab: Sleeping          |     4 |     1 ||     5
  Eat: Chunk             |       |     2 ||     2
Armor: Robe              |    31 |    11 ||    42
Dodge: Dodged            |    59 |    25 ||    84
